 Dungeon Crawl Stone Soup version 0.28.0-43-g3370ac3207 (webtiles) character file.

Game seed: 444023790915916260

283 GreyFruit the Ruffian (level 6, 0/51 HPs)
             Began as a Draconian Transmuter on Mar 15, 2022.
             Slain by a scorpion (7 damage)
             ... on level 4 of the Dungeon.
             The game lasted 00:08:01 (3487 turns).

GreyFruit the Ruffian (Draconian Transmuter)        Turns: 3487, Time: 00:08:02

Health: 0/51       AC:  6    Str: 14    XL:     6   Next: 7%
Magic:  10/10      EV: 12    Int: 13    God:
Gold:   154        SH:  0    Dex: 12    Spells: 5/11 levels left

rFire   . . .      SeeInvis .     - Unarmed
rCold   . . .      Faith    .   (no shield)
rNeg    . . .      Spirit   .   (armour unavailable)
rPois   .          Reflect  .   (helmet currently unavailable)
rElec   .          Harm     .   (no cloak)
rCorr   .          Rampage  .   (no gloves)
Will    .....                   (boots currently unavailable)
Stlth   +.........              (no amulet)
HPRegen 0.17/turn               (no ring)
MPRegen 0.12/turn               (no ring)

@: mighty, lethally poisoned (0 -> -7), appendages (expiring), attractive
A: horns 2, talons 2, AC +6, unfitting armour, cold-blooded
a: End Transformation


You were on level 4 of the Dungeon.
You had temporarily grown beastly horns and talons.
You visited 1 branch of the dungeon, and saw 4 of its levels.

You collected 154 gold pieces.

Inventory:

Jewellery
 e - a ring of protection from cold
Scrolls
 a - 4 scrolls of teleportation {unknown}
 b - a scroll of vulnerability {unknown}
 d - 3 scrolls of identify {unknown}
 f - a scroll of holy word {unknown}
Potions
 i - a potion of resistance {unknown}


   Skills:
 + Level 3.1 Fighting
 + Level 3.0 Dodging
 + Level 4.0 Unarmed Combat
 + Level 3.0 Spellcasting
 + Level 3.4 Transmutations


You had 5 spell levels left.
You knew the following spells:

 Your Spells              Type           Power      Damage    Failure   Level
a - Beastly Appendage     Tmut           20%        N/A       5%          1
b - Wereblood             Tmut           10%        N/A       9%          2
c - Spider Form           Tmut/Pois      6%         N/A       34%         3

Your spell library contained the following spells:

 Spells                   Type           Power      Damage    Failure   Level
 Animate Skeleton         Necr           2%         N/A       22%         1
 Apportation              Tloc           2%         N/A       22%         1
 Summon Small Mammal      Summ           4%         N/A       22%         1
 Ice Form                 Ice/Tmut       6%         N/A       75%         4
 Alistair's Intoxication  Tmut/Pois      4%         N/A       97%         5


Dungeon Overview and Level Annotations

Branches:
Dungeon (4/15)
 Temple: D:4-7

Altars:
Okawaru

Shops:
D:4 *


Innate Abilities, Weirdness & Mutations

You have temporarily grown beastly horns and talons.
Your plain brown scales are hard. (AC +6)
You cannot fit into any form of body armour.
You are cold-blooded and may be slowed by cold attacks.


Message History

The scorpion is severely wounded.
You feel sick. The scorpion stings you.
You barely miss the scorpion. Your kick misses the scorpion.
Your headbutt misses the scorpion.
The scorpion is severely wounded.
You feel sick.
The scorpion stings you but does no damage.
You hit the scorpion.
The scorpion is severely wounded.
You feel sick. The scorpion stings you!
* * * LOW HITPOINT WARNING * * *
You are lethally poisoned!
The scorpion poisons you!
It was a potion of attraction.
You feel attractive to monsters.
* * * LOW HITPOINT WARNING * * *
You feel very sick. The scorpion stings you.
* * * LOW HITPOINT WARNING * * *
It was a potion of curing.
You feel better.
The scorpion stings you but does no damage.
The scorpion barely misses you.
You hit the scorpion. Your kick misses the scorpion.
You headbutt the scorpion, but do no damage.
You tail-slap the scorpion, but do no damage.
The scorpion is almost dead.
The scorpion stings you.
* * * LOW HITPOINT WARNING * * *
You are lethally poisoned!
The scorpion poisons you!
You closely miss the scorpion. Your kick misses the scorpion.
The scorpion is almost dead.
* * * LOW HITPOINT WARNING * * *
You feel very sick.
The scorpion stings you but does no damage.
It was a potion of might.
You feel very mighty all of a sudden.
Your transformation is almost over.
* * * LOW HITPOINT WARNING * * *
You feel sick. The scorpion stings you!
You die...

####
############...##
#...............##
#................#
#.......>........#
#.....s@.....)...#
###########......##
#.........
#########.......##
#...............#
#.................
..##
#......<........##
...
#...............#
#...............###


You could see a scorpion.

Vanquished Creatures
  A centaur zombie (D:4)
  A hound (D:4)
  Jessica (D:3)
  An orc wizard (D:4)
  7 adders
  An adder skeleton (D:4)
  A worm (D:3)
  3 dart slugs
  5 orcs
  10 endoplasms
  4 giant cockroaches
  7 goblins
  6 hobgoblins
  5 jackals
  6 kobolds
  3 quokkas
  9 ball pythons
  8 bats
  7 frilled lizards
  7 rats
93 creatures vanquished.

Notes
Turn   | Place    | Note
-------+----------+-------------------------------------------
     0 | D:1      | GreyFruit the Draconian Transmuter began the quest for the
                  | Orb.
     0 | D:1      | Reached XP level 1. HP: 16/16 MP: 3/3
   478 | D:1      | Found a faded altar of an unknown god.
   497 | D:1      | Reached XP level 2. HP: 23/23 MP: 3/5
   832 | D:1      | Learned a level 2 spell: Wereblood
  1008 | D:1      | Reached XP level 3. HP: 29/29 MP: 4/6
  1872 | D:2      | Reached XP level 4. HP: 36/36 MP: 5/7
  2112 | D:3      | Noticed Jessica
  2117 | D:3      | Killed Jessica
  2214 | D:3      | Found an iron altar of Okawaru.
  2532 | D:3      | Reached XP level 5. HP: 39/42 MP: 6/9
  2844 | D:3      | Learned a level 3 spell: Spider Form
  3406 | D:4      | Found Uvuav's Gadget Gallery.
  3428 | D:4      | Reached skill level 4 in Unarmed Combat
  3428 | D:4      | Reached XP level 6. HP: 51/51 MP: 8/10
  3487 | D:4      | Slain by a scorpion

Illustrated notes

Levels and vault maps discovered:
D:1:      minmay_arrival_open_corners, layout_loops_cross,
          chequers_ecumenical_altar_island
D:2:      layout_rooms, minmay_misc_feat_nine_boxes, minmay_misc_feat_ornament
D:3:      layout_loops_ring, mainiacjoe_overflow_concentric_impassable,
          uniq_jessica
D:4:      layout_rooms, nicolae_shop_gadgets, uniq_blork_the_orc

Skill      XL: |  1  2  3  4  5 |
---------------+----------------+-----
Dodging        | 2 3 |  3.0
Fighting       | 2 3 |  3.1
Transmutations | 3 |  3.4
Spellcasting   | 3 |  3.0
Unarmed Combat | 4 |  4.0

Action                   |  1- 3 |  4- 6 || total
-------------------------+-------+-------++-------
Melee: Unarmed           |   146 |   141 ||   287
       Kick              |    30 |    41 ||    71
       Tailslap          |    12 |    14 ||    26
       Headbutt          |    14 |    20 ||    34
       Punch             |     1 |     4 ||     5
 Cast: Beastly Appendage |    32 |    26 ||    58
  Use: Potion            |       |     3 ||     3
Armor: Skin              |    49 |    42 ||    91
Dodge: Dodged            |    90 |    96 ||   186
